 Dungeon Crawl Stone Soup version 0.21.1-1-g345015f (webtiles) character file.

100 snha the Firebug (level 4, -5/39 HPs)
             Began as an Ogre Fire Elementalist on June 8, 2018.
             Was an Initiate of Vehumet.
             Slain by a worker ant (6 damage)
             ... on level 4 of the Dungeon.
             The game lasted 00:15:12 (3442 turns).

snha the Firebug (Ogre Fire Elementalist)           Turns: 3442, Time: 00:15:13

Health: -5/39      AC:  3    Str: 12    XL:     4   Next: 74%
Magic:  0/7        EV: 10    Int: 17    God:    Vehumet [......]
Gold:   114        SH:  0    Dex: 12    Spells: 2/8 levels left

rFire    . . .     SeeInvis .   i - +0 rapier
rCold    . . .     Gourm    .   (no shield)
rNeg     . . .     Faith    .   a - +0 robe
rPois    .         Spirit   .   (helmet restricted)
rElec    .         Reflect  .   (no cloak)
rCorr    .         Harm     .   (gloves unavailable)
MR       .....                  (boots unavailable)
Stlth    ++........             (no amulet)
HPRegen  0.13/turn              k - +3 ring of dexterity
MPRegen  0.10/turn              n - ring of wizardry

@: lethally poisoned (-5 -> -12), very slightly contaminated
A: large, unfitting armour, tough skin 1
a: Renounce Religion


You were on level 4 of the Dungeon.
You worshipped Vehumet.
Vehumet was noncommittal.
You were very hungry.

You visited 2 branches of the dungeon, and saw 5 of its levels.

You collected 114 gold pieces.

Inventory:

Hand Weapons
 d - a +1 dagger
 i - a +0 rapier (weapon)
Missiles
 f - 65 stones
 h - 8 curare-tipped needles
 o - 5 tomahawks (quivered)
Armour
 a - a +0 robe (worn)
Jewellery
 k - a +3 ring of dexterity (left hand)
 n - a ring of wizardry (right hand)
Scrolls
 g - a scroll of remove curse
Books
 b - a book of Flames

   Spells                             Type                      Level
   a - Flame Tongue                   Conjuration/Fire             1
   b - Throw Flame                    Conjuration/Fire             2
   c - Conjure Flame                  Conjuration/Fire             3
   d - Inner Flame                    Hexes/Fire                   3
   e - Sticky Flame                   Conjuration/Fire             4
   f - Fireball                       Conjuration/Fire             5
Comestibles
 c - 2 rations


   Skills:
 - Level 1.7 Dodging
 - Level 1.4 Stealth
 + Level 2.6 Spellcasting
 - Level 3.2 Conjurations
 - Level 3.5 Fire Magic


You had 2 spell levels left.
You knew the following spells:

 Your Spells              Type           Power        Failure   Level  Hunger
a - Throw Flame           Conj/Fire      ##....       2%          2    ##.....
b - Conjure Flame         Conj/Fire      ##......     6%          3    ###....
z - Flame Tongue          Conj/Fire      ##...        1%          1    #......


Dungeon Overview and Level Annotations

Branches:
Dungeon (4/15)             Temple (1/1) D:4

Altars:
Ashenzari
Cheibriados
Elyvilon
Fedhas
Gozag
Hepliaklqana
Kikubaaqudgha
Makhleb
Nemelex Xobeh
Qazlal
Ru
Sif Muna
Trog
Vehumet
Xom
Zin

Annotations:
D:2 1 runed door, exclusion: black bear
D:4 EpicGamer07's ghost, amateur HuFi


Innate Abilities, Weirdness & Mutations

You are too large for most types of armour.
You have tough skin. (AC +1)


Message History

Press: ? - help, Shift-Dir - straight line, f/p - EpicGamer07's ghost
Aim: EpicGamer07's ghost, wielding a vorpal weapon (moderately damaged)
The flame tongue hits the worker ant.
The worker ant is almost dead.
You feel sick. The worker ant bites you.
* * * LOW HITPOINT WARNING * * *
The worker ant bites you.
* * * LOW HITPOINT WARNING * * *
Casting: Flame Tongue
Confirm with . or Enter, or press ? or * to list all spells.
You don't have enough magic to cast that spell.
Throwing (i - inventory. (,) - cycle):
o - 5 tomahawks (quivered)
Press: ? - help, Shift-Dir - straight line, f/p - EpicGamer07's ghost
Aim: EpicGamer07's ghost, wielding a vorpal weapon (moderately damaged)
Okay, then.
You hit the worker ant but do no damage.
The worker ant is almost dead.
* * * LOW HITPOINT WARNING * * *
You feel sick. The worker ant bites you.
You die...

#.#..⌠...⌠..#.#
#.#.........#.#
#......>......#
#.#.........###
#.#..⌠...⌠..###
#.............#
###.........#..
##.##.##.## #
#@##....#
#.aW..###
###.### ....
######


You could see a worker ant and EpicGamer07's ghost.

Vanquished Creatures
  A worker ant (Temple)
  4 adders
  An ooze (D:2)
  An adder skeleton (D:4)
  A dart slug (D:1)
  A leopard gecko (Temple)
  2 ball pythons
  A giant cockroach (D:2)
  A goblin (D:1)
  A hobgoblin (D:2)
  5 jackals (D:2)
  3 kobolds
  4 bats
  3 frilled lizards
  7 rats
36 creatures vanquished.

Notes
Turn   | Place    | Note
-------+----------+-------------------------------------------
     0 | D:1      | snha the Ogre Fire Elementalist began the quest for the Orb.
     0 | D:1      | Reached XP level 1. HP: 16/16 MP: 3/3
    53 | D:1      | Reached skill level 1 in Conjurations
   578 | D:1      | Reached XP level 2. HP: 24/24 MP: 1/5
   582 | D:1      | Learned a level 2 spell: Throw Flame
  1304 | D:2      | Found a white marble altar of Elyvilon.
  1867 | D:2      | Reached XP level 3. HP: 31/31 MP: 3/6
  1900 | D:2      | Learned a level 3 spell: Conjure Flame
  2195 | D:2      | Found a burning altar of Makhleb.
  2265 | D:2      | Noticed a black bear
  2424 | D:2      | Found a runed door.
  2582 | D:2      | Reached XP level 4. HP: 28/39 MP: 1/7
  3190 | D:3      | You fall through a shaft!
  3190 | D:4      | Found a staircase to the Ecumenical Temple.
  3194 | Temple   | Entered the Ecumenical Temple
  3312 | Temple   | Became a worshipper of Vehumet
  3399 | D:4      | Noticed EpicGamer07's ghost (amateur HuFi)
  3442 | D:4      | HP: 1/39 [poisoned by a worker ant]
  3442 | D:4      | Slain by a worker ant

Skill      XL: |  1  2  3  4 |
---------------+-------------+-----
Conjurations   | 1 2 3 |  3.2
Fire Magic     | 3 |  3.5
Dodging        | |  1.7
Stealth        | |  1.4
Spellcasting   | |  2.6

Action                   |  1- 3 |  4- 6 || total
-------------------------+-------+-------++-------
Melee: Dagger            |     5 |       ||     5
       Rapier            |       |    21 ||    21
Throw: Stone             |    51 |     2 ||    53
       Tomahawk          |       |     1 ||     1
 Cast: Flame Tongue      |    52 |    21 ||    73
       Conjure Flame     |       |     1 ||     1
  Use: Scroll            |       |     4 ||     4
       Potion            |       |     1 ||     1
  Eat: Chunk             |     4 |       ||     4
       Ration            |     1 |       ||     1
Armor: Robe              |     8 |     9 ||    17
Dodge: Dodged            |    20 |    20 ||    40
